 Dungeon Crawl Stone Soup version 0.31.0-9-g3a7656b989 (webtiles) character file.

Game seed: 13533437922394702381

10614 Anriel the Carver (level 11, -13/84 HPs)
             Began as a Human Gladiator on Jan 30, 2024.
             Was a High Priest of Okawaru.
             Mangled by a large slime creature (29 damage)
             ... on level 11 of the Dungeon.
             The game lasted 00:59:10 (11289 turns).

Anriel the Carver (Human Gladiator)                Turns: 11289, Time: 00:59:10

Health: -13/84     AC: 21    Str: 17    XL:     11   Next: 64%
Magic:  0/15       EV:  7    Int:  9    God:    Okawaru [*****.]
Gold:   99         SH: 11    Dex: 24    Spells: 10/10 levels left

rFire   . . .        a - +0 scimitar
rCold   . . .        u - +0 kite shield
rNeg    . . .        C - +0 plate armour
rPois   .            c - +0 helmet
rElec   +            v - +0 cloak
rCorr   +            g - +1 pair of gloves
SInv    .            J - +0 pair of boots
Will    .....        I - amulet of guardian spirit Stlth
                     s - +6 ring of dexterity
HPRegen 0.34/turn    G - ring "Otis" {rElec rCorr Str+2 Stlth+}
MPRegen 0.14/turn

%: guardian spirit
@: studying Long Blades
A: explore regen
a: Renounce Religion, Heroism, Finesse, Duel


You were on level 11 of the Dungeon.
You worshipped Okawaru.
Okawaru was extremely pleased with you.
You visited 2 branches of the dungeon, and saw 12 of its levels.

You collected 727 gold pieces.
You spent 628 gold pieces at shops.

Inventory:

Hand Weapons
 a - a +0 scimitar (weapon)
 w - the +6 trident "Wakeun" {heavy, Int+3}
   (You found it on level 6 of the Dungeon)

   Int+3:     It affects your intelligence (+3).
Missiles
 d - 3 throwing nets
 B - 6 boomerangs (quivered)
 F - 3 javelins
Armour
 c - a +0 helmet (worn)
 g - a +1 pair of gloves (worn)
 u - a +0 kite shield (worn)
 v - a +0 cloak (worn)
 z - +0 steam dragon scales
 C - a +0 plate armour (worn)
 J - a +0 pair of boots (worn)
Jewellery
 e - a +6 ring of intelligence
 k - a ring of protection from cold
 s - a +6 ring of dexterity (left hand)
 t - an amulet of the acrobat
 y - a ring of positive energy
 G - the ring "Otis" (right hand) {rElec rCorr Str+2 Stlth+}
   (You found it on level 10 of the Dungeon)

   [ring of resist corrosion]

   Str+2:     It affects your strength (+2).
   rElec:     It insulates you from electricity.
   rCorr:     It protects you from acid and corrosion.
   Stlth+:    It makes you more stealthy.
 I - an amulet of guardian spirit (around neck)
Wands
 E - a wand of mindburst (3)
Scrolls
 b - a scroll of blinking
 h - 4 scrolls of identify
 l - a scroll of fear
 p - 3 scrolls of enchant armour
 r - a scroll of amnesia
 x - 2 scrolls of teleportation
 D - 2 scrolls of fog
Potions
 f - a potion of might
 i - a potion of resistance
 j - 4 potions of brilliance
 m - 3 potions of heal wounds
 n - a potion of lignification
 o - 3 potions of enlightenment
 q - 3 potions of haste
 A - a potion of cancellation
 H - a potion of curing


   Skills:
 + Level 7.3 Fighting
 - Level 10.0 Long Blades
 - Level 5.0 Throwing
 * Level 9.5 Armour
 - Level 5.0 Dodging
 - Level 5.0 Shields
 + Level 6.2 Invocations
 - Level 5.0 Evocations


You had 10 spell levels left.
You didn't know any spells.
Your spell library contained the following spells:

 Spells                   Type           Power      Damage    Failure   Level
 Apportation              Tloc           0%         N/A       100%        1
 Necrotise                Necr           0%         1d4       100%        1
 Sting                    Conj/Alch      0%         1d3       100%        1
 Fugue of the Fallen      Necr           0%         N/A       100%        3
 Ozocubu's Armour         Ice            0%         N/A       100%        3
 Manifold Assault         Tloc           0%         N/A       100%        4
 Iskenderun's Battlesphe  Conj           0%         2d6       100%        5
 Metabolic Englaciation   Hex/Ice        0%         N/A       100%        5
 Bombard                  Conj/Erth      0%         9d1       100%        6
 Summon Small Mammal      Summ           Unusable   N/A       N/A         1
 Sculpt Simulacrum        Ice/Alch       Unusable   N/A       N/A         6
 Spellforged Servitor     Conj/Summ      Unusable   N/A       N/A         7

Dungeon Overview and Level Annotations

Branches:
Dungeon (11/15)            Temple (1/1) D:4             Orc (0/2) D:11
   Lair: D:8-11

Altars:
Ashenzari
Cheibriados
Dithmenos
Elyvilon
Fedhas
Gozag
Hepliaklqana
Kikubaaqudgha
Makhleb
Nemelex Xobeh
Okawaru
Qazlal
Ru
Sif Muna
Trog
Uskayaw
Vehumet
Wu Jian
Xom
Yredelemnul
Zin
The Shining One

Shops:
D:3 !?(   D:10 [

Annotations:
D:8 2 transporters


Innate Abilities, Weirdness & Mutations

You regain HP and MP as you explore.


Message History

The titanic slime creature is moderately wounded.
You start resting.
Two slime creatures merge to form a large slime creature.
You block the large slime creature's attack.
You slash the large slime creature!
The large slime creature is moderately wounded.
You block the large slime creature's attack.
You slash the large slime creature!
The large slime creature is heavily wounded.
The large slime creature hits you!
You slash the large slime creature!
The large slime creature is heavily wounded.
You block the large slime creature's attack.
You slash the large slime creature!
The large slime creature is severely wounded.
The large slime creature hits you.
You slash the large slime creature!
The large slime creature is severely wounded.
The large slime creature barely misses you.
The slime creature hits you but does no damage.
You barely miss the large slime creature.
The large slime creature is severely wounded.
The large slime creature hits you. The slime creature hits you.
You hit the large slime creature but do no damage.
The large slime creature is severely wounded.
The large slime creature hits you but does no damage.
You block the slime creature's attack.
You barely miss the large slime creature.
The large slime creature is severely wounded.
You block the large slime creature's attack.
The slime creature hits you.
You slash the large slime creature!
The large slime creature is almost dead.
The large slime creature hits you!!
* * * LOW HITPOINT WARNING * * *
The slime creature hits you but does no damage.
You barely miss the large slime creature.
The large slime creature is almost dead.
The large slime creature hits you!!
You die...

#.. #.# #.# #.#
#.#########
##.........#######
.#.######..J.....#
.#.# #..#####J#
.#.######..#####@#
....##........##J#
.......##....J>..#
....######.##.####
.#.#######.##.#
.#.........##.#
##.##########.#
##'## #.# #..)##
#.#


You could see a large slime creature and a slime creature.

Vanquished Creatures
  3 two-headed ogres
  A gargoyle (D:7)
  An unseen horror (D:7)
  3 kobold demonologists (D:10)
  Grinder (D:6)
  A hornet (D:9)
  A wraith (D:7)
  6 yaks (D:10)
  2 wyverns
  3 steam dragons
  Menkaure (D:5)
  2 acid dragons
  Edmund (D:5)
  3 water moccasins
  4 orc warriors
  3 black bears
  An ice beast (D:7)
  3 sky beasts
  2 phantoms
  8 centaurs
  3 kobold brigands
  3 bullfrogs
  A gnoll sergeant (D:9)
  3 scorpions
  4 wights (D:8)
  16 killer bees
  3 howler monkeys
  A bombardier beetle (D:6)
  4 crimson imps
  4 hounds
  Crazy Yiuf (D:5)
  4 jellies
  7 orc priests
  6 iguanas
  8 orc wizards
  2 sleepcaps
  4 adders
  8 gnolls
  3 shadow imps
  A white imp (D:6)
  7 ufetubi
  4 ribbon worms
  20 orcs
  5 ball pythons
  10 endoplasms
  A giant cockroach (D:2)
  3 goblins
  9 hobgoblins
  10 jackals
  5 quokkas
  3 bats
  3 frilled lizards
  22 kobolds
  9 rats
247 creatures vanquished.

Notes
Turn   | Place    | Note
-------+----------+-------------------------------------------
     0 | D:1      | Anriel the Human Gladiator began the quest for the Orb.
     0 | D:1      | Reached XP level 1. HP: 16/16 MP: 1/1
   333 | D:1      | Reached XP level 2. HP: 22/22 MP: 2/2
   346 | D:1      | Reached skill level 1 in Armour
   680 | D:2      | Reached XP level 3. HP: 27/27 MP: 3/3
  1264 | D:3      | Found Roud's Distillery.
  1273 | D:3      | Bought a potion of heal wounds for 55 gold pieces
  1273 | D:3      | Bought a potion of lignification for 33 gold pieces
  1310 | D:3      | Found a broken altar of Ashenzari.
  1314 | D:3      | Saw a vision of the Swamp and the Snake Pit.
  1314 | D:3      | Noticed a naga mage
  1314 | D:3      | Noticed a swamp drake
  1314 | D:3      | Noticed a goliath frog
  1314 | D:3      | Noticed a bog body
  1314 | D:3      | Noticed a bog body
  1314 | D:3      | Noticed a naga sharpshooter
  1314 | D:3      | Noticed a black mamba
  1314 | D:3      | Noticed a naga mage
  1314 | D:3      | Noticed a swamp dragon
  1315 | D:3      | Noticed a naga mage
  1315 | D:3      | Noticed a bog body
  1316 | D:3      | Noticed a naga warrior
  1316 | D:3      | Noticed a tyrant leech
  1316 | D:3      | Noticed a goliath frog
  1316 | D:3      | Noticed a black mamba
  1337 | D:3      | Reached XP level 4. HP: 33/34 MP: 4/4
  1417 | D:3      | Found Puhorait's Magic Scroll Boutique.
  1483 | D:3      | Found Votsyeg's Weapon Shop.
  1565 | D:3      | Bought a scroll of identify for 24 gold pieces
  1904 | D:3      | Found a faded altar of an unknown god.
  2138 | D:4      | Noticed a centaur
  2156 | D:4      | Killed a centaur
  2157 | D:4      | Reached skill level 4 in Long Blades
  2157 | D:4      | Reached XP level 5. HP: 26/40 MP: 5/5
  2355 | D:4      | Found a staircase to the Ecumenical Temple.
  2370 | Temple   | Entered the Ecumenical Temple
  2455 | D:4      | Noticed a phantom
  2470 | D:4      | Killed a phantom
  2471 | D:4      | Reached XP level 6. HP: 41/47 MP: 6/6
  2618 | D:4      | Found a shadowy altar of Dithmenos.
  2663 | D:4      | Found a faded altar of an unknown god.
  2663 | D:4      | Found a white marble altar of Elyvilon.
  2668 | D:4      | Found a faded altar of an unknown god.
  2670 | D:4      | Found a glowing golden altar of the Shining One.
  2671 | D:4      | Found a sacrificial altar of Ru.
  2990 | D:4      | Reached skill level 5 in Long Blades
  3387 | D:5      | Entered Level 5 of the Dungeon
  3484 | D:5      | Reached XP level 7. HP: 36/53 MP: 7/7
  3506 | D:5      | Noticed Edmund
  3519 | D:5      | Killed Edmund
  3777 | D:5      | Reached skill level 5 in Armour
  3796 | D:5      | Noticed Menkaure
  3801 | D:5      | Killed Menkaure
  3802 | D:5      | Reached XP level 8. HP: 61/61 MP: 8/8
  3985 | D:5      | Reached skill level 5 in Dodging
  4105 | D:5      | Found a runed translucent door.
  4106 | D:5      | Noticed Crazy Yiuf
  4113 | D:5      | Killed Crazy Yiuf
  4254 | D:6      | Reached skill level 1 in Shields
  4392 | D:6      | HP: 3/61 [something/puff of flame (13)]
  4490 | D:6      | Noticed Grinder
  4515 | D:6      | Killed Grinder
  4516 | D:6      | Reached skill level 5 in Fighting
  4535 | D:6      | Found an ornate altar of the Wu Jian Council.
  4561 | D:6      | Identified the +6 trident "Wakeun" {heavy, Int+3}
  4643 | D:6      | Reached XP level 9. HP: 45/68 MP: 9/9
  4676 | D:6      | Found an iron altar of Okawaru.
  4679 | D:6      | Became a worshipper of Warmaster Okawaru
  4786 | D:6      | Reached skill level 6 in Long Blades
  4786 | D:6      | Reached skill level 5 in Throwing
  4833 | D:6      | Reached skill level 1 in Invocations
  4855 | D:6      | Reached * piety under Okawaru
  5347 | D:3      | Bought a potion of heal wounds for 55 gold pieces
  5347 | D:3      | Bought a potion of heal wounds for 55 gold pieces
  5347 | D:3      | Bought a potion of heal wounds for 55 gold pieces
  5549 | D:7      | Reached skill level 7 in Long Blades
  5770 | D:7      | Found a hazy altar of Hepliaklqana.
  5807 | D:7      | Found an opulent altar of Gozag.
  5907 | D:7      | Noticed a +0 dagger
  5909 | D:7      | Noticed a +0 hand axe
  5922 | D:7      | Reached skill level 8 in Long Blades
  6037 | D:7      | Found a hide-covered altar of Uskayaw.
  6118 | D:7      | Reached skill level 5 in Shields
  6153 | D:7      | Reached ** piety under Okawaru
  6185 | D:7      | Reached skill level 9 in Long Blades
  6185 | D:7      | Reached skill level 1 in Evocations
  6270 | D:7      | Reached XP level 10. HP: 53/74 MP: 11/13
  6279 | D:7      | Noticed a gargoyle
  6297 | D:7      | Killed a gargoyle
  6298 | D:7      | Reached skill level 10 in Long Blades
  6521 | D:7      | Reached *** piety under Okawaru
  6557 | D:7      | Reached skill level 5 in Invocations
  6804 | D:7      | Killed an unseen horror
  6907 | D:7      | Found a snail-covered altar of Cheibriados.
  6952 | D:7      | Found a sparkling altar of Nemelex Xobeh.
  7254 | D:3      | Bought 2 scrolls of enchant armour for 180 gold pieces
  7254 | D:3      | Bought a scroll of teleportation for 36 gold pieces
  7369 | D:8      | Noticed a cyclops
  7370 | D:8      | Noticed a tengu warrior
  7370 | D:8      | Noticed a brown ugly thing
  7371 | D:8      | Found the +4 consecrated labrys {holy, Valiant ^Fragile Fly
                  | SInv}
  7372 | D:8      | Found a transporter.
  7372 | D:8      | Noticed a cyclops
  7375 | D:8      | Found a transporter.
  7575 | D:8      | Reached **** piety under Okawaru
  8259 | D:8      | Noticed a two-headed ogre
  8272 | D:8      | Killed a two-headed ogre
  8273 | D:8      | Reached XP level 11. HP: 38/81 MP: 14/14
  8553 | D:9      | Found a shimmering altar of Xom.
  8649 | D:9      | Found an ancient bone altar of Kikubaaqudgha.
  9019 | D:9      | Paralysed by a hornet for 2 turns
  9023 | D:9      | Paralysed by a hornet for 2 turns
  9026 | D:9      | Reached skill level 5 in Evocations
  9583 | D:10     | Entered Level 10 of the Dungeon
  9588 | D:10     | Identified the ring "Otis" {rElec rCorr Str+2 Stlth+}
  9892 | D:10     | Noticed a two-headed ogre
  9913 | D:10     | Killed a two-headed ogre
  9913 | D:10     | Reached ***** piety under Okawaru
 10179 | D:10     | Found Mitiafieta's Antique Armour Emporium.
 10186 | D:10     | Bought a pair of boots for 135 gold pieces
 10519 | D:10     | Received a gift from Okawaru
 10632 | D:10     | Noticed a moth of wrath
 10635 | D:10     | Found a bloodstained altar of Trog.
 10973 | D:11     | Found a staircase to the Orcish Mines.
 10993 | D:11     | Noticed a two-headed ogre
 11002 | D:11     | Killed a two-headed ogre
 11289 | D:11     | Mangled by a large slime creature

Illustrated notes

Levels and vault maps discovered:
D:1:      dpeg_cavernosity, layout_rooms
D:2:      layout_loops_cross
D:3:      layout_loops_ring, grunt_ashenzari_visionary
          [grunt_ashenzari_visionary_swamp, grunt_ashenzari_visionary_snake],
          serial_shops, nicolae_shop_industrial_runoff, shop,
          nicolae_diamond_shop, ebering_ecumenical_altar_rust,
          kennysheep_pointless_box
D:4:      layout_layer_cave, grunt_dithmenos_smoke,
          chequers_temple_overflow_minitemple, minmay_temple_entry_grid,
          st_stairs_12
D:5:      layout_loops_cross, uniq_edmund, uniq_crazy_yiuf_cottage,
          uniq_menkaure
D:6:      layout_basic, kennysheep_little_box, nicolae_wu_jian_wuxing_cycle,
          kennysheep_small_circle, uniq_grinder
D:7:      minmay_slanted_spiral_squares, layout_basic, cheibriados_altar_1,
          grunt_gozag_breadcrumbs, amcnicky_altar_gilded,
          dancing_weapons_uskayaw, nzn_hepliaklqana_mist_gate,
          serial_corexii_hall, corexii_hall_statues_x,
          chequers_hall_statues_wall_a, minmay_manual_mess
D:8:      gammafunk_sealed_arena, layout_loops_corners,
          hangedman_minor_gate_pass
D:9:      layout_loops_ring, mainiacjoe_overflow_alcove_2, led_xom_imps
D:10:     layout_cave_pods, tgw_trog, serial_shops, nicolae_shop_rolling_square
D:11:     layout_loops_corners, erik_lair_orcish_takeover, orc_0_dummy,
          nicolae_shop_gadgets
Temple:   hellmonk_temple_beads

Skill      XL: |  1  2  3  4  5  6  7  8  9 10 11 |
---------------+----------------------------------+-----
Armour         | 1 2 3 4 5 7 9 |  9.5
Long Blades    | 4 5 9 10 | 10.0
Fighting       | 3 4 5 6 7 |  7.3
Dodging        | 4 5 |  5.0
Throwing       | 4 5 |  5.0
Shields        | 3 5 |  5.0
Invocations    | 4 5 6 |  6.2
Evocations     | 1 4 5 |  5.0

Action                     |  1- 3 |  4- 6 |  7- 9 | 10-12 || total
---------------------------+-------+-------+-------+-------++-------
  Melee: Long sword        |    74 |   104 |   280 |       ||   458
         Punch             |       |     1 |     5 |     2 ||     8
         Scimitar          |       |       |    84 |   505 ||   589
  Throw: Boomerang         |    32 |    19 |    39 |    14 ||   104
         Javelin           |     3 |     1 |     7 |    22 ||    33
         Throwing net      |       |       |       |     1 ||     1
         Dart              |       |       |       |     2 ||     2
  Evoke: Wand              |       |       |       |     3 ||     3
    Use: Scroll            |     5 |     8 |     3 |     6 ||    22
         Potion            |       |       |     3 |     3 ||     6
   Stab: Sleeping          |     2 |       |       |       ||     2
         Distracted        |       |       |       |     1 ||     1
         Held in net/web   |       |       |       |     1 ||     1
 Armour: Leather armour    |    43 |     2 |       |       ||    45
         Chain mail        |       |    86 |   405 |   178 ||   669
         Plate armour      |       |       |       |   208 ||   208
  Dodge: Dodged            |    54 |    46 |   233 |   199 ||   532
  Block: Kite shield       |       |       |       |   182 ||   182
